TOP OF THE 1ST |
Phoenix Hotspur U-21 batting - Pitching for Chicago Tula : RHP Fabian Thul
|
Pitching: RHP Fabian Thul
|
|
Batting: RHB Solomon Norment
|
0-0: Ball 1-0: Ball 2-0: SINGLE (Flyball, 89S)
|
Batting: RHB Juan Negrete
|
0-0: Ball 1-0: Called Strike 1-1: Ball 2-1: Called Strike 2-2: Reached on error, E5 (Groundball, 56) Solomon Norment to second
|
Batting: LHB Corey Ferguson
|
0-0: Ball 1-0: Called Strike 1-1: Swinging Strike 1-2: Grounds into double play, 4-6-3 (Groundball, 4) Solomon Norment to third
|
Batting: LHB Tyler Kinjeketile
|
0-0: Called Strike 0-1: Ball 1-1: Ball 2-1: SINGLE (Groundball, 56D) Solomon Norment scores
|
Batting: RHB Bill Erickson
|
0-0: Ball 1-0: SINGLE (Line Drive, 56D) Tyler Kinjeketile to second
|
Batting: LHB Jason DeGeorge
|
0-0: Ball 1-0: Called Strike 1-1: Ball 2-1: Called Strike 2-2: Strikes out swinging
|
Top of the 1st over - 1 run(s), 3 hit(s), 1 error(s), 2 left on base; Phoenix 1 - Chicago 0 |
BOTTOM OF THE 1ST |
Chicago Tula batting - Pitching for Phoenix Hotspur U-21 : RHP Alberto Solís
|
Pitching: RHP Alberto Solís
|
|
Batting: RHB Micheal Lovell
|
0-0: Ball 1-0: DOUBLE (Flyball, 9LM)
|
Batting: RHB José Palácios
|
0-0: Foul Ball, location: 2F 0-1: Called Strike 0-2: Foul Ball, location: 2F 0-2: Strikes out swinging
|
Batting: LHB Ángel Pineda
|
0-0: Fly out, F8 (Line Drive, 78S)
|
Batting: SHB Eustacio Tafalla
|
0-0: Ball 1-0: Foul Ball, location: 2F 1-1: Foul Ball, location: 2F 1-2: Foul Ball, location: 2F 1-2: Strikes out swinging
|
Bottom of the 1st over - 0 run(s), 1 hit(s), 0 error(s), 1 left on base; Phoenix 1 - Chicago 0 |
TOP OF THE 2ND |
Phoenix Hotspur U-21 batting - Pitching for Chicago Tula : RHP Fabian Thul
|
Batting: SHB Huey Wood
|
0-0: Called Strike 0-1: Ball 1-1: Foul Ball, location: 2F 1-2: Foul Ball, location: 2F 1-2: Strikes out swinging, 2-3 out at first.
|
Batting: RHB Dale Everest
|
0-0: Ball 1-0: Swinging Strike 1-1: Called Strike 1-2: Ball 2-2: Ground out U3 (Groundball, 34S)
|
Batting: RHB Bill Poole
|
0-0: Called Strike 0-1: Called Strike 0-2: Ball 1-2: Foul Ball, location: 2F 1-2: Ball 2-2: Strikes out swinging
|
Top of the 2nd over - 0 run(s), 0 hit(s), 0 error(s), 0 left on base; Phoenix 1 - Chicago 0 |
BOTTOM OF THE 2ND |
Chicago Tula batting - Pitching for Phoenix Hotspur U-21 : RHP Alberto Solís
|
Batting: RHB Zahid Kashani
|
0-0: Fly out, F8 (Flyball, 8LD)
|
Batting: RHB Alfonso Morín
|
0-0: Ball 1-0: Called Strike 1-1: Ball 2-1: Fly out, F9 (Flyball, 9S)
|
Batting: RHB Tommy Socorro
|
0-0: Ground out 6-3 (Groundball, 6M)
|
Bottom of the 2nd over - 0 run(s), 0 hit(s), 0 error(s), 0 left on base; Phoenix 1 - Chicago 0 |
TOP OF THE 3RD |
Phoenix Hotspur U-21 batting - Pitching for Chicago Tula : RHP Fabian Thul
|
Batting: RHB Solomon Norment
|
0-0: Called Strike 0-1: Fly out, F9 (Flyball, 89M)
|
Batting: RHB Juan Negrete
|
0-0: Foul Ball, location: 2F 0-1: Ball 1-1: Ball 2-1: Fly out, F9 (Line Drive, 9D)
|
Batting: LHB Corey Ferguson
|
0-0: Ground out 4-3 (Groundball, 4)
|
Top of the 3rd over - 0 run(s), 0 hit(s), 0 error(s), 0 left on base; Phoenix 1 - Chicago 0 |
BOTTOM OF THE 3RD |
Chicago Tula batting - Pitching for Phoenix Hotspur U-21 : RHP Alberto Solís
|
Batting: RHB Rubén Arce
|
0-0: Called Strike 0-1: Called Strike 0-2: Strikes out swinging
|
Batting: RHB Rand McNally
|
0-0: Ball 1-0: Ball 2-0: Foul Ball, location: 2F 2-1: Ball 3-1: Called Strike 3-2: Strikes out swinging
|
Batting: RHB Micheal Lovell
|
0-0: Ball 1-0: Ball 2-0: Called Strike 2-1: Ground out 1-3 (Groundball, 13)
|
Bottom of the 3rd over - 0 run(s), 0 hit(s), 0 error(s), 0 left on base; Phoenix 1 - Chicago 0 |
TOP OF THE 4TH |
Phoenix Hotspur U-21 batting - Pitching for Chicago Tula : RHP Fabian Thul
|
Batting: LHB Tyler Kinjeketile
|
0-0: Called Strike 0-1: Swinging Strike 0-2: Ball 1-2: Strikes out swinging
|
Batting: RHB Bill Erickson
|
0-0: Foul Ball, location: 2F 0-1: Ball 1-1: Foul Ball, location: 2F 1-2: Strikes out looking
|
Batting: LHB Jason DeGeorge
|
0-0: Called Strike 0-1: SINGLE (Flyball, 7LS)
|
Batting: SHB Huey Wood
|
0-0: Ball 1-0: DOUBLE (Groundball, 3L) Jason DeGeorge to third
|
Batting: RHB Dale Everest
|
0-0: Ball 1-0: Foul Ball, location: 2F 1-1: Ball 2-1: Called Strike 2-2: Foul Ball, location: 2F 2-2: Foul Ball, location: 2F 2-2: Ball 3-2: Foul Ball, location: 2F 3-2: Base on Balls
|
Batting: RHB Bill Poole
|
0-0: Swinging Strike 0-1: Fly out, F9 (Flyball, 9LSF)
|
Top of the 4th over - 0 run(s), 2 hit(s), 0 error(s), 3 left on base; Phoenix 1 - Chicago 0 |
BOTTOM OF THE 4TH |
Chicago Tula batting - Pitching for Phoenix Hotspur U-21 : RHP Alberto Solís
|
Batting: RHB José Palácios
|
0-0: Ball 1-0: Ball 2-0: Foul Ball, location: 2F 2-1: Ground out 4-3 (Groundball, 4)
|
Batting: LHB Ángel Pineda
|
0-0: Fly out, F8 (Flyball, 8RM)
|
Batting: SHB Eustacio Tafalla
|
0-0: Ball 1-0: Called Strike 1-1: Foul Ball, location: 2F 1-2: SINGLE (Line Drive, 89S)
|
Batting: RHB Zahid Kashani
|
0-0: Ball 1-0: Ball Eustacio Tafalla is caught stealing 2nd base
|
Bottom of the 4th over - 0 run(s), 1 hit(s), 0 error(s), 0 left on base; Phoenix 1 - Chicago 0 |
TOP OF THE 5TH |
Phoenix Hotspur U-21 batting - Pitching for Chicago Tula : RHP Fabian Thul
|
Batting: RHB Solomon Norment
|
0-0: Ground out 4-3 (Groundball, 34)
|
Batting: RHB Juan Negrete
|
0-0: Called Strike 0-1: Foul Ball, location: 2F 0-2: Foul Ball, location: 2F 0-2: Strikes out swinging
|
Batting: LHB Corey Ferguson
|
0-0: Called Strike 0-1: Ball 1-1: Called Strike 1-2: Ball 2-2: Fly out, F4 (Popup, 4)
|
Top of the 5th over - 0 run(s), 0 hit(s), 0 error(s), 0 left on base; Phoenix 1 - Chicago 0 |
BOTTOM OF THE 5TH |
Chicago Tula batting - Pitching for Phoenix Hotspur U-21 : RHP Alberto Solís
|
Batting: RHB Zahid Kashani
|
0-0: Called Strike 0-1: Ground out 6-3 (Groundball, 6M)
|
Batting: RHB Alfonso Morín
|
0-0: Called Strike 0-1: Ball 1-1: Ball 2-1: Ground out 5-3 (Groundball, 56S)
|
Batting: RHB Tommy Socorro
|
0-0: Ball 1-0: Ball 2-0: Called Strike 2-1: Called Strike 2-2: Strikes out swinging
|
Bottom of the 5th over - 0 run(s), 0 hit(s), 0 error(s), 0 left on base; Phoenix 1 - Chicago 0 |
TOP OF THE 6TH |
Phoenix Hotspur U-21 batting - Pitching for Chicago Tula : RHP Fabian Thul
|
Batting: LHB Tyler Kinjeketile
|
0-0: Ball 1-0: Foul Ball, location: 2F 1-1: SINGLE (Line Drive, 4MD)
|
Batting: RHB Bill Erickson
|
0-0: Ball Tyler Kinjeketile is caught stealing 2nd base 1-0: Ball 2-0: Ball 3-0: Called Strike 3-1: Foul Ball, location: 2F 3-2: Base on Balls
|
Batting: LHB Jason DeGeorge
|
0-0: Ball 1-0: Called Strike 1-1: Foul Ball, location: 2F 1-2: Strikes out swinging
|
Batting: SHB Huey Wood
|
0-0: Called Strike 0-1: Fielders Choice at 2nd, 4-6 (Groundball, 4)
|
Top of the 6th over - 0 run(s), 1 hit(s), 0 error(s), 0 left on base; Phoenix 1 - Chicago 0 |
BOTTOM OF THE 6TH |
Chicago Tula batting - Pitching for Phoenix Hotspur U-21 : RHP Alberto Solís
|
Batting: RHB Rubén Arce
|
0-0: SINGLE (Line Drive, 7S)
|
Batting: RHB Rand McNally
|
0-0: Sac Bunt - play at first, batter OUT! 5-3 Rubén Arce to second
|
Batting: RHB Micheal Lovell
|
0-0: Ground out 6-3 (Groundball, 6) Rubén Arce to third
|
Batting: RHB José Palácios
|
0-0: Foul Ball, location: 2F 0-1: Ground out 1-3 (Groundball, P)
|
Bottom of the 6th over - 0 run(s), 1 hit(s), 0 error(s), 1 left on base; Phoenix 1 - Chicago 0 |
TOP OF THE 7TH |
Phoenix Hotspur U-21 batting - Pitching for Chicago Tula : RHP Fabian Thul
|
Batting: RHB Dale Everest
|
0-0: Called Strike 0-1: Fly out, F9 (Flyball, 89S)
|
Batting: RHB Bill Poole
|
0-0: Ball 1-0: Called Strike 1-1: Ground out 6-3 (Groundball, 6)
|
Batting: RHB Solomon Norment
|
0-0: Ball 1-0: Foul Ball, location: 2F 1-1: Swinging Strike 1-2: Strikes out looking
|
Top of the 7th over - 0 run(s), 0 hit(s), 0 error(s), 0 left on base; Phoenix 1 - Chicago 0 |
BOTTOM OF THE 7TH |
Chicago Tula batting - Pitching for Phoenix Hotspur U-21 : RHP Alberto Solís
|
Batting: LHB Ángel Pineda
|
0-0: Ball 1-0: SINGLE (Groundball, 56) (infield hit)
|
Batting: SHB Eustacio Tafalla
|
0-0: Ball 1-0: Called Strike 1-1: Ball 2-1: Ball 3-1: Foul Ball, location: 2F 3-2: Foul Ball, location: 2F 3-2: Foul Ball, location: 2F 3-2: Fly out, F6 (Line Drive, 6M)
|
Batting: RHB Zahid Kashani
|
0-0: Called Strike 0-1: Ball 1-1: Foul Ball, location: 2F 1-2: Strikes out swinging
|
Batting: RHB Alfonso Morín
|
0-0: Swinging Strike 0-1: Foul Ball, location: 2F 0-2: Ball 1-2: Ball 2-2: Strikes out swinging
|
Bottom of the 7th over - 0 run(s), 1 hit(s), 0 error(s), 1 left on base; Phoenix 1 - Chicago 0 |
TOP OF THE 8TH |
Phoenix Hotspur U-21 batting - Pitching for Chicago Tula : RHP Fabian Thul
|
Pitching: RHP Joseph Chartier
|
|
Batting: RHB Juan Negrete
|
0-0: Ball 1-0: Swinging Strike 1-1: Foul Ball, location: 2F 1-2: Ground out 6-3 (Groundball, 6)
|
Batting: LHB Corey Ferguson
|
0-0: Fly out, F6 (Popup, 6M)
|
Batting: LHB Tyler Kinjeketile
|
0-0: SINGLE (Flyball, 8RS)
|
Batting: RHB Bill Erickson
|
0-0: SINGLE (Groundball, 34S) (infield hit) Tyler Kinjeketile to second
|
Batting: LHB Jason DeGeorge
|
0-0: Ground out 4-3 (Groundball, 34D)
|
Top of the 8th over - 0 run(s), 2 hit(s), 0 error(s), 2 left on base; Phoenix 1 - Chicago 0 |
BOTTOM OF THE 8TH |
Chicago Tula batting - Pitching for Phoenix Hotspur U-21 : RHP Alberto Solís
|
Now in RF: Jeremias Nabais
|
|
Batting: RHB Tommy Socorro
|
0-0: Ground out 6-3 (Groundball, 6)
|
Batting: RHB Rubén Arce
|
0-0: Called Strike 0-1: Ball 1-1: Called Strike 1-2: Ground out 6-3 (Groundball, 6)
|
Batting: RHB Rand McNally
|
0-0: Called Strike 0-1: Ball 1-1: Called Strike 1-2: Ball 2-2: Foul Ball, location: 2F 2-2: Strikes out swinging
|
Bottom of the 8th over - 0 run(s), 0 hit(s), 0 error(s), 0 left on base; Phoenix 1 - Chicago 0 |
TOP OF THE 9TH |
Phoenix Hotspur U-21 batting - Pitching for Chicago Tula : RHP Joseph Chartier
|
Batting: SHB Huey Wood
|
0-0: Ball 1-0: Ground out 4-3 (Groundball, 4)
|
Batting: RHB Dale Everest
|
0-0: Ball 1-0: Swinging Strike 1-1: Swinging Strike 1-2: Ball 2-2: Foul Ball, location: 2F 2-2: Strikes out swinging
|
Batting: RHB Bill Poole
|
0-0: Ground out 6-3 (Groundball, 6MS)
|
Top of the 9th over - 0 run(s), 0 hit(s), 0 error(s), 0 left on base; Phoenix 1 - Chicago 0 |
BOTTOM OF THE 9TH |
Chicago Tula batting - Pitching for Phoenix Hotspur U-21 : RHP Alberto Solís
|
Pinch Hitting: SHB John Krog
|
0-0: Foul Ball, location: 2F 0-1: Ball 1-1: Fly out, F7 (Flyball, 78M)
|
Batting: RHB José Palácios
|
0-0: Ball 1-0: SINGLE (Groundball, 6D)
|
Pinch Runner at 1st Dani Durán:
|
|
Batting: LHB Ángel Pineda
|
0-0: Foul Ball, location: 2F 0-1: Swinging Strike 0-2: Foul Ball, location: 2F 0-2: Ball 1-2: Ball 2-2: SINGLE (Groundball, 4M) (infield hit) Dani Durán to second
|
Batting: SHB Eustacio Tafalla
|
0-0: Ball 1-0: Called Strike 1-1: Foul Ball, location: 2F 1-2: Ball 2-2: Strikes out swinging
|
Pitching: LHP Ismael Lara
|
|
Batting: RHB Zahid Kashani
|
0-0: Swinging Strike 0-1: Ball 1-1: SINGLE (Groundball, 6MD) Dani Durán to third Ángel Pineda to second Runner from 3rd tries for Home, SAFE, throw made at trailing runner, OUT at third!
|
Bottom of the 9th over - 1 run(s), 3 hit(s), 0 error(s), 1 left on base; Phoenix 1 - Chicago 1 |
TOP OF THE 10TH |
Phoenix Hotspur U-21 batting - Pitching for Chicago Tula : RHP Joseph Chartier
|
Pitching: RHP Anthony Ledesma
|
|
Now at 2B: Howard Ickes
|
|
Now at 3B: Edgar Baeza
|
|
Batting: RHB Solomon Norment
|
0-0: Called Strike 0-1: Ball 1-1: Swinging Strike 1-2: Foul Ball, location: 2F 1-2: Foul Ball, location: 2F 1-2: Ball 2-2: SINGLE (Line Drive, 34)
|
Batting: RHB Juan Negrete
|
0-0: Ball 1-0: Sac Bunt - play at first, batter OUT! 3-4 Solomon Norment to second
|
Batting: LHB Corey Ferguson
|
0-0: Intentional Walk
|
Pinch Hitting: RHB Julián De Paz
|
0-0: Ball 1-0: Foul Ball, location: 2F 1-1: Foul Ball, location: 2F 1-2: Foul Ball, location: 2F 1-2: Ball 2-2: 3-RUN HOME RUN (Flyball, 9D), Distance : 354 ft
|
Pitching: LHP Marcos Beringel
|
|
Batting: RHB Bill Erickson
|
0-0: Called Strike 0-1: Swinging Strike 0-2: Strikes out swinging
|
Batting: LHB Jason DeGeorge
|
0-0: Ball 1-0: Swinging Strike 1-1: Swinging Strike 1-2: Strikes out looking
|
Top of the 10th over - 3 run(s), 2 hit(s), 0 error(s), 0 left on base; Phoenix 4 - Chicago 1 |
BOTTOM OF THE 10TH |
Chicago Tula batting - Pitching for Phoenix Hotspur U-21 : LHP Ismael Lara
|
Now in RF: Julián De Paz
|
|
Batting: RHB Alfonso Morín
|
0-0: Ball 1-0: Ball 2-0: Foul Ball, location: 2F 2-1: Ball 3-1: Base on Balls
|
Batting: RHB Tommy Socorro
|
0-0: Foul Ball, location: 2F 0-1: Swinging Strike 0-2: Ball 1-2: Strikes out swinging
|
Batting: RHB Rubén Arce
|
0-0: Called Strike 0-1: Foul Ball, location: 2F 0-2: SINGLE (Groundball, 6) (infield hit) Alfonso Morín to second
|
Pinch Hitting: RHB Sisay Jitu
|
0-0: Ball 1-0: Foul Ball, location: 2F 1-1: Swinging Strike 1-2: Strikes out swinging
|
Batting: RHB Howard Ickes
|
0-0: Ball 1-0: Ball 2-0: Ball 3-0: Called Strike 3-1: Called Strike 3-2: Strikes out looking
|
Bottom of the 10th over - 0 run(s), 1 hit(s), 0 error(s), 2 left on base; Phoenix 4 - Chicago 1 |
|